 Dungeon Crawl Stone Soup version 0.24-a0-350-g5b3daab8ba (webtiles) character file.

Game seed: 15760601661131645875

575 Lanoc the Cudgeler (level 7, -4/70 HPs)
             Began as a Troll Berserker on May 23, 2019.
             Was a Believer of Trog.
             Splashed by Ijyb's acid (11 damage)
             ... on level 5 of the Dungeon.
             The game lasted 00:05:59 (1255 turns).

Lanoc the Cudgeler (Troll Berserker)                Turns: 1255, Time: 00:05:59

Health: -4/70      AC:  5    Str: 26    XL:     7   Next: 12%
Magic:  6/6        EV: 11    Int:  3    God:    Trog [**....]
Gold:   97         SH:  0    Dex: 11    Spells: 6/6 levels left

rFire    . . .     SeeInvis .   a - +0 mace
rCold    . . .     Gourm    +   (no shield)
rNeg     . . .     Faith    .   b - +0 animal skin
rPois    +         Spirit   .   (helmet restricted)
rElec    .         Reflect  .   e - +2 cloak
rCorr    .         Harm     .   (gloves unavailable)
MR       .....                  (boots unavailable)
Stlth    +.........             (no amulet)
HPRegen  0.61/turn              l - ring of poison resistance
MPRegen  0.10/turn              (no ring)

@: corroded
A: large, unfitting armour, claws 3, fast metabolism 3, gourmand, regeneration
1, shaggy fur 1, tough skin 3
a: Berserk, Trog's Hand, Renounce Religion


You were on level 5 of the Dungeon.
You worshipped Trog.
Trog was pleased with you.
You were very hungry.

You visited 1 branch of the dungeon, and saw 5 of its levels.

You collected 97 gold pieces.

Inventory:

Hand Weapons
 a - a +0 mace (weapon)
 p - a +0 giant club
Armour
 b - a +0 animal skin (worn)
 e - a +2 cloak (worn)
Jewellery
 l - a ring of poison resistance (left claw)
Scrolls
 f - a scroll of remove curse {unknown}
 g - a scroll of teleportation {unknown}
 j - a scroll of fog {unknown}
 k - 2 scrolls of identify {unknown}
 q - a scroll of amnesia {unknown}
Potions
 d - 3 potions of ambrosia {unknown}
 h - 4 potions of curing {unknown}
 i - 3 potions of invisibility {unknown}
 m - a potion of might {unknown}
 n - a potion of agility {unknown}
 o - 2 potions of magic {unknown}
Comestibles
 c - 4 rations


   Skills:
 + Level 4.0 Fighting
 * Level 5.6 Maces & Flails
 + Level 3.9 Dodging


You had 6 spell levels left.
You didn't know any spells.
Your spell library was empty.

Dungeon Overview and Level Annotations

Branches:
Dungeon (5/15)
 Temple: D:4-7

Altars:

Annotations:
D:5 Ijyb


Innate Abilities, Weirdness & Mutations

You are too large for most types of armour.
You have claws for hands.
Your metabolism is lightning-fast.
You like to eat raw meat.
Your natural rate of healing is unusually fast.
You are covered in fur. (AC +1)
You have extremely tough skin. (AC +3)


Message History

The orc is heavily wounded.
The orc closely misses you.
You sock the orc!
You kill the orc!
Trog accepts your kill.
Ijyb zaps a wand.
The bolt of acid hits you!!
You are splashed with acid!
The orc throws a silver boomerang.
The silver boomerang closely misses you.
The weapon returns to the orc!
You barely miss the orc. The orc hits you with a +0 war axe.
You are feeling very hungry.
You recover from your berserk rage.
Ijyb zaps a wand.
The bolt of acid hits the orc!
The orc is splashed with acid.
The orc dies!
The bolt of acid hits you.
You are splashed with acid!
* * * LOW HITPOINT WARNING * * *
Ijyb zaps a wand.
The bolt of acid hits you!
* * * LOW HITPOINT WARNING * * *
The acid corrodes you!
You are splashed with acid!
You die...

### # ...
####.####. ..
#.g)...... #.
#.##.#.#.#
#.##)##.#
.#####.......#
........#@####
######.<..#
#.........
#...######
#...# #....
#...## .....
.....


You could see Ijyb.

Vanquished Creatures
  Sigmund (D:4)
  Duvessa (D:4)
  An ogre (D:4)
  Dowan (D:4)
  A scorpion (D:4)
  An iguana (D:3)
  7 adders
  A leopard gecko (D:3)
  An orc (D:5)
  4 bats (D:3)
  2 giant cockroaches (D:3)
  A goblin (D:2)
  A hobgoblin (D:3)
  3 jackals (D:3)
  3 kobolds (D:3)
  3 quokkas (D:4)
  A frilled lizard (D:2)
  A leopard gecko skeleton (D:4)
  3 rats
37 creatures vanquished.

Vanquished Creatures (others)
  2 orcs (D:5)
2 creatures vanquished.

Grand Total: 39 creatures vanquished

Notes
Turn   | Place    | Note
-------+----------+-------------------------------------------
     0 | D:1      | Lanoc the Troll Berserker began the quest for the Orb.
     0 | D:1      | Reached XP level 1. HP: 22/22 MP: 0/0
    63 | D:2      | Reached skill level 3 in Maces & Flails
    63 | D:2      | Reached XP level 2. HP: 26/29 MP: 1/1
   317 | D:3      | Reached XP level 3. HP: 36/36 MP: 2/2
   487 | D:3      | Reached XP level 4. HP: 44/44 MP: 3/3
   649 | D:3      | Found a faded altar of an unknown god.
   660 | D:3      | Reached ** piety under Trog
   998 | D:4      | Noticed Sigmund
  1013 | D:4      | Killed Sigmund
  1013 | D:4      | Reached skill level 4 in Maces & Flails
  1013 | D:4      | Reached XP level 5. HP: 53/53 MP: 4/4
  1126 | D:4      | Noticed an ogre
  1134 | D:4      | Killed an ogre
  1134 | D:4      | Reached skill level 5 in Maces & Flails
  1134 | D:4      | Reached XP level 6. HP: 61/61 MP: 5/5
  1176 | D:4      | Noticed Duvessa
  1176 | D:4      | Noticed Dowan
  1185 | D:4      | Killed Duvessa
  1194 | D:4      | Killed Dowan
  1194 | D:4      | Reached XP level 7. HP: 68/68 MP: 6/6
  1233 | D:5      | Entered Level 5 of the Dungeon
  1238 | D:5      | Noticed Ijyb
  1255 | D:5      | Splashed by Ijyb's acid

Levels and vault maps discovered:
D:1:      dpeg_arrival_pits, layout_basic
D:2:      layout_basic, first_ration
D:3:      layout_loops_corners, chequers_ecumenical_altar_simple, serial_glass,
          glass_columns_a, glass_columns_c, minivault_24, bh_walls_and_bars
D:4:      layout_rooms, uniq_sigmund, uniq_duvessa
D:5:      layout_loops_cross, minmay_temple_entry_junction_2,
          minmay_small_thing, uniq_ijyb

Skill      XL: |  1  2  3  4  5  6  7 |
---------------+----------------------+-----
Maces & Flails | 3 4 5 |  5.6
Fighting       | 3 4 |  4.0
Dodging        | 3 |  3.9

Action                   |  1- 3 |  4- 6 |  7- 9 || total
-------------------------+-------+-------+-------++-------
Melee: Mace              |    64 |    62 |    17 ||   143
Invok: Berserk           |     2 |     3 |       ||     5
 Stab: Sleeping          |     1 |       |       ||     1
  Eat: Chunk             |     8 |     5 |       ||    13
Armor: Animal skin       |    40 |    26 |     3 ||    69
Dodge: Dodged            |    46 |    44 |    12 ||   102

Table legend:
 A = Non-vault XP
 B = Vault XP
 C = Vault XP percentage of total XP
 D = Non-vault monster count
 E = Vault monster count
 F = Vault count percentage of total count
                 A         B        C        D         E       F
            +---------+---------+-------+---------+---------+-------
      Total |     367 |     455 |  55.4 |      35 |       3 |   7.9
            +---------+---------+-------+---------+---------+-------
        D:2 |      17 |       0 |   0.0 |       4 |       0 |   0.0
        D:3 |     132 |       0 |   0.0 |      22 |       0 |   0.0
        D:4 |     214 |     455 |  68.0 |       7 |       3 |  30.0
        D:5 |       4 |       0 |   0.0 |       2 |       0 |   0.0
            +---------+---------+-------+---------+---------+-------
